 Dungeon Crawl Stone Soup version 0.29-a0-119-g4040846114 (webtiles) character file.

Game seed: 7808195720080664223

33289 drugrobin the Placeless Demigod (level 13, -1/104 HPs)
             Began as a Demigod Warper on Feb 20, 2022.
             Slain by a black mamba (14 damage)
             ... on level 4 of the Lair of Beasts.
             The game lasted 01:51:07 (28776 turns).

drugrobin the Placeless Demigod (Demigod Warper)   Turns: 28776, Time: 01:51:08

Health: -1/104     AC:  7    Str: 24    XL:     13   Next: 7%
Magic:  19/25      EV: 16    Int: 19    God:
Gold:   1020       SH:  0    Dex: 13    Spells: 4/23 levels left

rFire   . . .      SeeInvis .   a - +2 halberd (vorpal)
rCold   + . .      Faith    .   (shield currently unavailable)
rNeg    . . .      Spirit   .   Z - +0 troll leather armour
rPois   .          Reflect  .   B - +0 helmet
rElec   .          Harm     .   V - +0 cloak
rCorr   .          Rampage  .   l - +0 pair of gloves
Will    +....                   (no boots)
Stlth   +.........              (no amulet)
HPRegen 1.07/turn               L - ring of protection from cold
MPRegen 0.19/turn               J - +4 ring of evasion

@: lethally poisoned (-1 -> -1)
A: high MP 1, forlorn, divine attributes
a: no special abilities


You were on level 4 of the Lair of Beasts.
You visited 3 branches of the dungeon, and saw 18 of its levels.

You collected 1196 gold pieces.
You spent 176 gold pieces at shops.

Inventory:

Hand Weapons
 a - a +2 vorpal halberd (weapon)
 b - a +0 shortbow of flaming
 c - a +1 whip of venom
 d - a +3 vorpal spear
 m - a +2 broad axe of flaming
Missiles
 h - 6 curare-tipped darts
 j - 242 arrows
 p - 12 javelins (quivered)
 w - 4 boomerangs of dispersal
 I - 49 poisoned darts
Armour
 g - a +3 ring mail of cold resistance
 l - a +0 pair of gloves (worn)
 A - the +5 ring mail of Resilience {rN+ Int+7}
   (You found it on level 5 of the Dungeon)

   Int:       It affects your intelligence (+7).
   rN:        It protects you from negative energy.
 B - a +0 helmet (worn)
 V - a +0 cloak (worn)
 Z - a +0 troll leather armour (worn)
Jewellery
 J - a +4 ring of evasion (right hand)
 L - a ring of protection from cold (left hand)
 X - a ring of flight
 Y - a ring of see invisible
Wands
 s - a wand of iceblast (9)
 E - a wand of flame (12)
 R - a wand of polymorph (10)
 W - a wand of charming (8)
Scrolls
 e - 2 scrolls of vulnerability {unknown}
 i - 7 scrolls of fog
 k - 4 scrolls of immolation {unknown}
 o - 9 scrolls of enchant weapon {unknown}
 r - 2 scrolls of fear {unknown}
 x - 4 scrolls of blinking
 y - 11 scrolls of teleportation {unknown}
 D - a scroll of torment {unknown}
 F - a scroll of brand weapon {unknown}
 G - 2 scrolls of magic mapping {unknown}
 H - a scroll of silence {unknown}
 M - a scroll of amnesia {unknown}
 O - a scroll of summoning {unknown}
 T - 5 scrolls of identify
 U - 2 scrolls of enchant armour {unknown}
Potions
 f - a potion of invisibility
 n - 4 potions of haste
 t - 4 potions of heal wounds
 u - 9 potions of curing
 v - 3 potions of might
 z - 4 potions of magic
 C - 2 potions of brilliance
 K - 2 potions of lignification
 N - 3 potions of berserk rage
 P - a potion of resistance
 Q - a potion of ambrosia
 S - a potion of cancellation
Miscellaneous
 q - a box of beasts (inert)


   Skills:
 + Level 6.9 Fighting
 + Level 13.5 Polearms
 - Level 0.8 Throwing
 - Level 0.8 Armour
 - Level 1.7 Dodging
 - Level 5.5 Spellcasting
 - Level 4.0 Summonings
 + Level 13.6 Translocations


You had 4 spell levels left.
You knew the following spells:

 Your Spells              Type           Power      Damage    Failure   Level
a - Blink                 Tloc           100%       N/A       1%          2
b - Teleport Other        Tloc           55%        N/A       1%          3
c - Gell's Gravitas       Tloc           55%        N/A       1%          3
d - Summon Small Mammal   Summ           80%        N/A       2%          1
e - Call Canine Familiar  Summ           20%        N/A       8%          3
f - Dispersal             Tloc           27%        N/A       8%          6
q - Apportation           Tloc           100%       N/A       1%          1

Your spell library contained the following spells:

 Spells                   Type           Power      Damage    Failure   Level
 Lesser Beckoning         Tloc           55%        N/A       1%          3
 Portal Projectile        Hex/Tloc       62%        N/A       2%          3
 Animate Skeleton         Necr           10%        N/A       14%         1
 Foxfire                  Conj/Fire      20%        2x1d5     14%         1
 Summon Guardian Golem    Hex/Summ       12%        N/A       19%         3
 Scorch                   Fire           10%        2d6       21%         2
 Conjure Flame            Conj/Fire      5%         6-21      38%         3
 Inner Flame              Hex/Fire       5%         N/A       38%         3
 Animate Dead             Necr           2%         N/A       80%         4
 Flame Wave               Conj/Fire      5%         2d5       80%         4
 Leda's Liquefaction      Hex/Erth       2%         N/A       80%         4
 Manifold Assault         Tloc           55%        N/A       1%          5
 Disjunction              Tloc           27%        N/A       97%         8
 Alistair's Intoxication  Tmut/Pois      3%         N/A       98%         5
 Borgnjor's Vile Clutch   Necr/Erth      2%         N/A       98%         5
 Summon Cactus Giant      Summ           10%        N/A       99%         6
 Death Channel            Necr           2%         N/A       100%        6
 Simulacrum               Ice/Necr       2%         N/A       100%        6
 Haunt                    Necr/Summ      6%         N/A       100%        7


Dungeon Overview and Level Annotations

Branches:
Dungeon (13/15)            Temple (0/1) D:7            Lair (4/6) D:9
 Shoals (0/4) Lair:2        Snake (0/4) Lair:2          Orc (1/2) D:9
 Vaults: D:13-14

Shops:
D:7 !

Annotations:
D:2 1 runed translucent door, Crazy Yiuf, Ijyb
D:4 Eustachio


Innate Abilities, Weirdness & Mutations

You have an increased reservoir of magic. (+10% MP)
You shall have no god before yourself.
Your divine heritage dramatically boosts your attributes as you level up.


Message History

You feel very sick.
Unknown command.
Unknown command.
Unknown command.
Okay, then.
Aiming: Iceblast
Press: ? - help, Shift-Dir - straight line, f/p - black mamba
Aim: a black mamba (heavily wounded, ally target)
The mass of ice explodes!
The iceblast engulfs the black mamba.
The black mamba is severely wounded.
You feel sick.
Unknown command.
Unknown command.
Unknown command.
Unknown command.
Aiming: Iceblast
Press: ? - help, Shift-Dir - straight line, p - black mamba The mass of ice explodes!
The iceblast engulfs the black mamba!
The black mamba is almost dead.
You feel sick.
Unknown command.
Unknown command.
Unknown command.
Unknown command.
Unknown command.
Unknown command.
Casting: Blink (safe; 1% risk of failure)
Confirm with . or Enter, or press ? or * to list all spells.
You blink.
You feel sick.
Unknown command.
Unknown command.
Okay, then.
Unknown command.
Throw: 5 boomerangs (disperse)
Press: ? - help, Shift-Dir - straight line, f - black mamba
Aim: a black mamba (almost dead, 42% to hit)
You throw a boomerang of dispersal.
The boomerang of dispersal misses the black mamba.
You feel sick. The black mamba bites you!
You die...

##### ..... ......
...... .. ......## #.##
#.....# #.P# #.....## ..
#..###.....@# ... .
##.........S.......#
..###..........####..###
..............h.#.....#
.............ยง........#
........###...........#
##....##h##...........#
#......#######h#.#..##
#...........###.##...#


You could see a black mamba (ally target) and a friendly hound (summoned).

Vanquished Creatures
  Snorg (D:10)
  A boulder beetle (D:12)
  A hydra (Lair:2)
  A death yak (Lair:2)
  Erica (Lair:1)
  3 two-headed ogres
  Nergalle (D:10)
  The ghost of enile the Fighter, a novice DsWn of Hepliaklqana (D:8)
  A bog body (Lair:2)
  A deep elf pyromancer (D:12)
  A lindwurm (Lair:4)
  2 gargoyles (D:13)
  Psyche (D:10)
  7 cane toads
  2 unseen horrors
  Maggie (Lair:1)
  A kobold demonologist (D:9)
  2 rime drakes (Lair:3)
  2 ice devils
  3 komodo dragons
  An anaconda simulacrum (Lair:3)
  A polar bear (Lair:1)
  2 trolls
  Grinder (D:5)
  A hornet (D:11)
  4 slime creatures
  6 blink frogs
  A meliai zombie (D:10)
  A wraith (D:11)
  3 wyverns
  23 yaks
  A basilisk (Lair:3)
  A fire elemental (Lair:4)
  Edmund (D:5)
  A death yak simulacrum (Lair:3)
  A naga (Lair:2)
  8 water moccasins
  14 orc warriors
  An ice beast (D:7)
  5 black bears
  A sky beast (D:7)
  2 necrophages
  An ogre (D:5)
  5 wolves (Lair:3)
  9 centaurs
  The ghost of petzl the Vexing, an amateur FoAM (D:3)
  A phantom (D:7)
  6 kobold brigands
  Blork the orc (D:6)
  16 bullfrogs
  6 scorpions
  2 gnoll sergeants
  2 cane toad simulacra (Lair:3)
  2 killer bees (D:9)
  9 wights
  4 electric eels
  5 howler monkeys
  11 centaur zombies
  A bullfrog zombie (D:6)
  A human zombie (D:10)
  3 hounds
  2 jellies
  9 orc priests
  A bullfrog skeleton (D:6)
  A centaur skeleton (D:7)
  A gnoll shaman (D:8)
  3 iguanas
  2 orc wizards
  A spriggan simulacrum (Lair:3)
  Natasha (thrice) (D:3)
  A troll simulacrum (Lair:3)
  3 ogre zombies (D:5)
  A hound skeleton (D:5)
  2 howler monkey zombies
  Robin (D:3)
  18 gnolls
  An adder (D:4)
  5 white imps
  An ufetubus (D:7)
  A dart slug (D:2)
  42 orcs
  4 endoplasms
  3 giant cockroaches (D:2)
  8 goblins
  5 hobgoblins
  5 jackals
  17 kobolds
  7 ball pythons
  5 bats
  A frilled lizard (D:1)
  4 rats
358 creatures vanquished.

Vanquished Creatures (collateral kills)
  A two-headed ogre (D:11)
  A centaur zombie (D:11)
  A black mamba (Lair:4)
  A cane toad (Lair:1)
  2 komodo dragons (Lair:1)
  A water moccasin (Lair:1)
  A gnoll (D:11)
8 creatures vanquished.

Vanquished Creatures (others)
  14 fungi
  30 plants
44 creatures vanquished.

Grand Total: 410 creatures vanquished

Notes
Turn   | Place    | Note
-------+----------+-------------------------------------------
     0 | D:1      | drugrobin the Demigod Warper began the quest for the Orb.
     0 | D:1      | Reached XP level 1. HP: 17/17 MP: 5/5
   557 | D:1      | Reached XP level 2. HP: 19/24 MP: 7/7
   561 | D:1      | Learned a level 2 spell: Blink
  1229 | D:2      | Identified the +3 short sword "Lofu Loockutz" {holy, rN++
                  | Int-4}
  2162 | D:2      | Reached XP level 3. HP: 27/29 MP: 8/8
  2544 | D:2      | Found a runed translucent door.
  2545 | D:2      | Noticed Crazy Yiuf
  2927 | D:2      | Learned a level 3 spell: Teleport Other
  3005 | D:3      | Noticed Natasha
  3124 | D:3      | Noticed Ijyb
  3481 | D:3      | Noticed Robin
  3773 | D:3      | Killed Natasha
  3774 | D:3      | Reached XP level 4. HP: 23/36 MP: 9/9
  3888 | D:3      | Noticed Natasha
  4171 | D:3      | Killed Robin
  4330 | D:3      | Found a runed translucent gate.
  4333 | D:3      | Found a runed translucent gate.
  4335 | D:3      | Noticed petzl's ghost (amateur FoAM)
  4337 | D:3      | Found a runed translucent gate.
  4573 | D:3      | Killed Natasha
  4574 | D:3      | Reached XP level 5. HP: 21/41 MP: 10/10
  4664 | D:3      | Noticed Natasha
  4971 | D:3      | Killed Natasha
  6065 | D:4      | Noticed Eustachio
  6153 | D:4      | Reached XP level 6. HP: 37/48 MP: 11/11
  6159 | D:4      | Reached skill level 5 in Translocations
  6467 | D:5      | Entered Level 5 of the Dungeon
  6504 | D:5      | Identified the +5 ring mail of Resilience {rN+ Int+7}
  6678 | D:5      | Found a transporter.
  6698 | D:5      | Reached skill level 5 in Polearms
  6948 | D:5      | Reached XP level 7. HP: 53/53 MP: 12/12
  6959 | D:5      | Noticed Grinder
  6982 | D:5      | Paralysed by Grinder for 6 turns
  6990 | D:5      | Killed Grinder
  7142 | D:5      | Learned a level 3 spell: Gell's Gravitas
  7255 | D:5      | Found a transporter.
  9300 | D:3      | Killed petzl's ghost
  9623 | D:5      | Reached XP level 8. HP: 43/60 MP: 13/13
  9933 | D:6      | Noticed Blork the orc
  9933 | D:6      | Noticed Edmund
  9982 | D:5      | Killed Edmund
 10477 | D:6      | Killed Blork the orc
 11325 | D:7      | Found Uhug's Distillery.
 11330 | D:7      | Bought a potion of ambrosia for 88 gold pieces
 11330 | D:7      | Bought a potion of mutation for 88 gold pieces
 11491 | D:7      | Learned a level 1 spell: Summon Small Mammal
 11547 | D:7      | Reached skill level 1 in Summonings
 12030 | D:7      | Reached XP level 9. HP: 58/67 MP: 14/14
 13277 | D:7      | Found a staircase to the Ecumenical Temple.
 13869 | D:8      | Noticed a two-headed ogre
 14483 | D:8      | Noticed enile's ghost (novice DsWn)
 14491 | D:8      | Found a runed translucent gate.
 14691 | D:7      | Reached XP level 10. HP: 59/73 MP: 10/15
 14995 | D:8      | Found a runed translucent gate.
 14995 | D:8      | Found a runed translucent gate.
 15040 | D:8      | Killed a two-headed ogre
 15041 | D:8      | Reached skill level 10 in Translocations
 15715 | D:8      | Killed enile's ghost
 15716 | D:8      | Reached skill level 10 in Polearms
 16811 | D:9      | Learned a level 3 spell: Call Canine Familiar
 17279 | D:9      | Found a staircase to the Orcish Mines.
 17790 | D:9      | Noticed a tengu warrior
 17965 | D:9      | Reached XP level 11. HP: 61/79 MP: 6/19
 18154 | D:9      | Found a staircase to the Lair.
 19207 | Orc:1    | Entered Level 1 of the Orcish Mines
 19208 | Orc:1    | Noticed an orc warlord
 19253 | D:10     | Entered Level 10 of the Dungeon
 19284 | D:10     | Noticed Nergalle
 19291 | D:10     | Killed Nergalle
 19946 | D:10     | Noticed Psyche
 19957 | D:10     | Killed Psyche
 20005 | D:10     | Learned a level 6 spell: Dispersal
 20105 | D:10     | Noticed Snorg
 20360 | D:10     | Killed Snorg
 20361 | D:10     | Reached skill level 5 in Spellcasting
 21076 | D:11     | Noticed a two-headed ogre
 21094 | D:11     | Killed a two-headed ogre
 21223 | D:11     | Noticed a seven-headed hydra
 21744 | D:11     | Paralysed by a hornet for 1 turns
 22181 | D:11     | Noticed a two-headed ogre
 22205 | D:11     | Killed a two-headed ogre
 22431 | D:12     | Noticed a deep elf pyromancer
 22452 | D:12     | Killed a deep elf pyromancer
 22476 | D:12     | Noticed a two-headed ogre
 22483 | D:12     | Killed a two-headed ogre
 22484 | D:12     | Reached XP level 12. HP: 91/91 MP: 20/24
 22871 | D:12     | Noticed a boulder beetle
 22880 | D:12     | Killed a boulder beetle
 23467 | D:13     | Noticed a vault guard
 23470 | D:13     | Noticed a centaur warrior
 23707 | D:13     | Noticed a vault guard
 23867 | Lair:1   | Entered Level 1 of the Lair of Beasts
 24464 | Lair:1   | Reached skill level 5 in Fighting
 24600 | Lair:1   | Learned a level 1 spell: Apportation
 24632 | Lair:1   | Noticed Maggie
 24647 | Lair:1   | Killed Maggie
 24744 | Lair:1   | Noticed Erica
 24820 | Lair:1   | Killed Erica
 25184 | Lair:2   | Found a staircase to the Snake Pit.
 25307 | Lair:2   | Noticed a five-headed hydra
 25331 | Lair:2   | Killed a two-headed hydra
 25677 | Lair:2   | Found a staircase to the Shoals.
 27242 | Lair:3   | Got Sif Muna's Catalogue of Cold and Sinister Magic
 28240 | Lair:4   | Reached XP level 13. HP: 104/104 MP: 17/25
 28776 | Lair:4   | Slain by a black mamba

Illustrated notes

Levels and vault maps discovered:
D:1:      beargit_arrival_greenhouse, layout_basic,
          chequers_ecumenical_altar_simple_redux, minmay_door_square
D:2:      wander_river, layout_loops_ring, serial_forest,
          infiniplex_forest_straight_2, infiniplex_forest_clump_small,
          infiniplex_forest_end_2, infiniplex_forest_clump_curved,
          infiniplex_forest_lined_2, infiniplex_forest_lined_room_3,
          infiniplex_forest_clump_curved, kennysheep_crisscross, minmay_cut_off,
          uniq_crazy_yiuf_cottage
D:3:      layout_rooms, ebering_ghost_rock_garden,
          chequers_serial_rivers_large_b, uniq_natasha, uniq_ijyb, uniq_robin
D:4:      layout_loops_corners, lemuel_round_altar, uniq_eustachio
D:5:      gammafunk_cloud_chamber, layout_loops_ring, general_overflow_altar,
          uniq_grinder
D:6:      layout_layer_cave, chequers_mini_garden, uniq_blork_the_orc,
          uniq_edmund
D:7:      layout_loops_ring, nicolae_ru_awakened_eye,
          minmay_temple_entry_from_below_b, serial_shops, nicolae_shop_trees,
          hangedman_minor_gate_pass
D:8:      layout_cave_pools, ashenzari_conservatory_becter, marbit_many_paths,
          mainiacjoe_overflow_brackets, ebering_ghost_rock_garden, minivault_4
D:9:      layout_basic, mainiacjoe_overflow_six_doors_small, lair_entry_dummy,
          david_orc_5, minmay_statues_item, nzn_random_ring
D:10:     layout_loops_ring, lemuel_mausoleum_altar_yredelemnul,
          mainiacjoe_overflow_alcove_4, kennysheep_doodads,
          minmay_variable_closet, uniq_psyche, uniq_nergalle, uniq_snorg
D:11:     layout_roguey, serial_park_tiny_pond, kennysheep_diamond
D:12:     layout_basic, drop_trap, grunt_decor_cap
D:13:     layout_loops_ring, grunt_vaults_entry_fortified,
          onia_ninara_dug_in_and_dangerous
Lair:1:   layout_chaotic_city, uniq_erica, uniq_maggie
Lair:2:   layout_loops_ring, minmay_shoals_entry_centaurs,
          guppyfry_snake_entry_garden, serial_bayou_shore_b
Lair:3:   dreamdust_isle_of_ice, layout_layer_cave, lemuel_altar_in_water2,
          minmay_holes, beast_lair_carwin_5, infiniplex_staircase_pool
Lair:4:   layout_gridlike, nicolae_lair_lindhole, lemuel_fruit_tree,
          serial_bayou_shore_a
Orc:1:    layout_diamond_mine, uniq_sonja

Skill      XL: |  1  2  3  4  5  6  7  8  9 10 11 12 |
---------------+-------------------------------------+-----
Polearms       | 2 3 4 5 6 8 9 10 12 13 | 13.5
Translocations | 3 4 5 6 8 9 11 12 13 | 13.6
Summonings     | 2 4 |  4.0
Spellcasting   | 3 5 |  5.5
Fighting       | 3 6 |  6.9
Throwing       | |  0.8
Armour         | |  0.8
Dodging        | |  1.7

Action                   |  1- 3 |  4- 6 |  7- 9 | 10-12 | 13-15 || total
-------------------------+-------+-------+-------+-------+-------++-------
Melee: Spear             |    96 |     2 |       |     7 |       ||   105
       Halberd           |    50 |    99 |   215 |   796 |    39 ||  1199
       Unarmed           |     8 |       |       |       |       ||     8
       Short sword       |       |    11 |       |       |       ||    11
       Whip              |       |       |    36 |    39 |       ||    75
       Broad axe         |       |       |       |     5 |       ||     5
       Punch             |       |       |       |     2 |       ||     2
 Fire: Shortbow          |       |     2 |   106 |   145 |    11 ||   264
Throw: Stone             |    27 |    20 |    11 |     7 |       ||    65
       Boomerang         |     1 |       |       |     5 |     1 ||     7
       Javelin           |     4 |    19 |    11 |    13 |       ||    47
       Dart              |     1 |    17 |    59 |    41 |       ||   118
 Cast: Blink             |     4 |    15 |    52 |    55 |     3 ||   129
       Teleport Other    |       |     9 |    14 |    55 |     3 ||    81
       Gell's Gravitas   |       |       |     2 |    33 |     2 ||    37
       Summon Small Mamm |       |       |       |    51 |     5 ||    56
       Call Canine Famil |       |       |       |    62 |     3 ||    65
       Apportation       |       |       |       |     3 |       ||     3
Evoke: Wand              |       |       |     7 |     3 |     2 ||    12
       Box of beasts     |       |       |       |     1 |       ||     1
  Use: Potion            |       |     1 |     1 |     1 |       ||     3
       Scroll            |       |       |     6 |     7 |     1 ||    14
 Stab: Sleeping          |       |     2 |       |       |       ||     2
       Distracted        |       |       |       |     5 |       ||     5
Armor: Leather armour    |    29 |    28 |       |       |       ||    57
       Skin              |     3 |       |       |       |       ||     3
       Ring mail         |       |     8 |    87 |    15 |       ||   110
       Troll leather arm |       |       |       |   218 |    14 ||   232
Dodge: Dodged            |    83 |    52 |   146 |   513 |    30 ||   824

Table legend: (Time is in decaauts)
 A = Elapsed time spent in this place.
 B = Non-inter-level travel time spent in this place.
 C = Inter-level travel time spent in this place.
 D = Time resting spent in this place.
 E = Time spent auto-exploring this place.
 F = Levels seen in this place.
 G = Mean time per level.
                   A        B        C        D        E       F      G
               +--------+--------+--------+--------+--------+-----+--------+
         Total |  28889 |  27481 |   1408 |   4890 |  14979 |  18 | 1604.9 |
       Dungeon |  24010 |  22720 |   1290 |   4458 |  12203 |  13 | 1846.9 |
          Lair |   4875 |   4757 |    118 |    431 |   2775 |   4 | 1218.8 |
  Orcish Mines |      3 |      3 |      0 |      0 |      0 |   1 |    3.0 |
               +--------+--------+--------+--------+--------+-----+--------+

Top non-repeatable levels by time:
     D:9: 2842 daAuts
     D:5: 2613 daAuts
     D:7: 2563 daAuts
     D:8: 2218 daAuts
     D:3: 2152 daAuts
     D:2: 2003 daAuts
     D:6: 1843 daAuts
     D:4: 1662 daAuts
    D:10: 1591 daAuts
     D:1: 1576 daAuts
  Lair:3: 1567 daAuts
    D:11: 1488 daAuts
  Lair:1: 1434 daAuts
  Lair:2: 1287 daAuts
    D:12: 998 daAuts
